 Dungeon Crawl Stone Soup version 0.17.1-3-g152610e (webtiles) character file.

53 Mechanique the Magician (level 3, -2/24 HPs)
             Began as a Mummy Wizard on Mar 17, 2016.
             Slain by Sigmund
             ... wielding a +0 scythe
              (12 damage)
             ... on level 2 of the Dungeon.
             The game lasted 00:08:42 (2293 turns).

Mechanique the Magician (Mummy Wizard)              Turns: 2293, Time: 00:08:42

Health: -2/24      AC:  5    Str: 10    XL:     3   Next: 62%
Magic:  1/8        EV: 12    Int: 18    God:
Gold:   87         SH:  0    Dex: 10    Spells: 2 memorised, 6 levels left

rFire  x . .     SeeInvis .     r - +1 dagger (venom)
rCold  + . .     Clarity  .     a - +0 robe
rNeg   + + +     SustAt   .     (no shield)
rPois  ∞         Gourm    .     b - +0 hat
rElec  .         Spirit   .     (no cloak)
rCorr  .         Warding  .     (no gloves)
rMut   .         Stasis   +     (no boots)
MR     .....                    m - amulet of stasis
Stlth  ++........               i - +3 ring of protection
                                d - ring of invisibility

@: not resistant to hostile enchantments, unstealthy
A: no food or potions, fire vulnerability, cold resistance 1, negative energy
resistance 3, torment resistance, unbreathing
a: Evoke Invisibility


You were on level 2 of the Dungeon.
You were not hungry.

You visited 1 branch of the dungeon, and saw 2 of its levels.

You collected 87 gold pieces.

Inventory:

Hand Weapons
 f - a +0 hunting sling
 h - a +0 dagger
 q - a +0 battleaxe
 r - a +1 dagger of venom (weapon)
Missiles
 g - 54 arrows
 k - 7 tomahawks (quivered)
Armour
 a - a +0 robe (worn)
 b - a +0 hat (worn)
Jewellery
 d - a ring of invisibility (left hand)
 i - a +3 ring of protection (right hand)
 m - an amulet of stasis (around neck)
Scrolls
 e - 3 scrolls of enchant armour {unknown}
 j - 3 scrolls of identify {unknown}
 l - a scroll of fog {unknown}
 n - a scroll of magic mapping {unknown}
 o - 3 scrolls of amnesia {unknown}
 p - a scroll of noise {unknown}
Books
 c - a book of Minor Magic

   Spells                             Type                      Level
   a - Magic Dart                     Conjuration                  1
   b - Blink                          Translocation                2
   c - Call Imp                       Summoning                    2
   d - Repel Missiles                 Charms/Air                   2
   e - Slow                           Hexes                        2
   f - Conjure Flame                  Conjuration/Fire             3
   g - Mephitic Cloud                 Conjuration/Poison/Air       3


   Skills:
 - Level 1.5 Dodging
 - Level 1.5 Stealth
 + Level 3.6 Spellcasting
 + Level 2.2 Conjurations
 - Level 0.7 Summonings
   Level 0.7 Translocations


You had 6 spell levels left.
You knew the following spells:

 Your Spells              Type           Power        Failure   Level  Hunger
a - Magic Dart            Conj           ##..         8%          1    N/A
b - Call Imp              Summ           #.......     17%         2    N/A

Dungeon Overview and Level Annotations

Branches:
Dungeon (2/15)

Altars:

Annotations:
D:2 Sigmund


Innate Abilities, Weirdness & Mutations

You do not eat or drink.
Your flesh is vulnerable to fire.
You are immune to poison.
Your flesh is cold resistant.
You are immune to negative energy.
You are immune to unholy pain and torment.
You can survive without breathing.


Message History

The puff of frost hits Sigmund.
Casting: Magic Dart
Confirm with . or Enter, or press ? or * to list all spells.
Aiming: Magic Dart
Press: ? - help, Shift-Dir - straight line, f/p - Sigmund
Aim: Sigmund, wielding a scythe and wearing a robe (almost dead)
The magic dart hits Sigmund.
Sigmund is almost dead.
Sigmund hits you from afar with a scythe!
Your white imp hits Sigmund but does no damage.
Sigmund gestures wildly while chanting.
Sigmund flickers and vanishes!
Your white imp barely misses something.
No target in view!
You miss something.
Your white imp closely misses something.
Something hits you!
You hit something.
Your white imp misses something.
You barely miss something. Something hits you!
Ouch! That really hurt!
You die...

######........# #.# #
#........# #.# #
#........#####.#
###########..<......#
.......###########..#######
.......+..................#
.......########.#########.#
.)..........#...<......##.#
#############.#5@#.###.##.#
#.†........##.#.{...##.##.#
#.########.##.#.##..##.##.#
.........#.##.#.....##.##.#
#........#.##.#.....##.##.#
##########.##.#.#.#.##.##.#
#...........#.#.#.#.##.##.#
#.###########.#.#.#.##.##.#
#.# #.#.#...##.##.#


You could see a friendly white imp.

Vanquished Creatures
  An adder (D:2)
  An ooze (D:1)
  A giant gecko (D:1)
  5 bats
  3 giant cockroaches
  8 goblins
  5 hobgoblins
  7 kobolds
  A giant newt (D:2)
  5 rats
37 creatures vanquished.

Notes
Turn   | Place    | Note
--------------------------------------------------------------
     0 | D:1      | Mechanique the Mummy Wizard began the quest for the Orb.
     0 | D:1      | Reached XP level 1. HP: 13/13 MP: 4/4
   130 | D:1      | Reached skill level 1 in Conjurations
   379 | D:1      | Reached XP level 2. HP: 19/19 MP: 3/6
   383 | D:1      | Learned a level 2 spell: Call Imp
  1185 | D:2      | Reached XP level 3. HP: 17/24 MP: 4/7
  1941 | D:2      | Noticed Sigmund
  2293 | D:2      | Slain by Sigmund

Action                   || total
-------------------------++-------
Melee: Dagger            ||    22
 Cast: Magic Dart        ||   105
       Call Imp          ||     5
